 Dungeon Crawl Stone Soup version 0.21.2 (webtiles) character file.

12 glosham the Ruffian (level 2, 0/29 HPs)
             Began as a Troll Abyssal Knight on Dec 15, 2018.
             Was a Follower of Lugonu.
             Slain by a spatial maelstrom (3 damage)
             ... on level 1 of the Abyss.
             The game lasted 00:01:18 (69 turns).

glosham the Ruffian (Troll Abyssal Knight)            Turns: 69, Time: 00:01:19

Health: 0/29       AC:  5    Str: 19    XL:     2   Next: 20%
Magic:  2/2        EV: 10    Int:  8    God:    Lugonu [*.....]
Gold:   0          SH:  0    Dex:  9    Spells: 1/1 levels left

rFire    . . .     SeeInvis .     - Unarmed
rCold    . . .     Gourm    +   (no shield)
rNeg     . . .     Faith    .   a - +0 robe
rPois    .         Spirit   .   (helmet restricted)
rElec    .         Reflect  .   (no cloak)
rCorr    .         Harm     .   (gloves unavailable)
MR       .....                  (boots unavailable)
Stlth    +.........             (no amulet)
HPRegen  0.49/turn              (no ring)
MPRegen  0.08/turn              (no ring)

@: no status effects
A: large, unfitting armour, claws 3, fast metabolism 3, gourmand, regeneration
1, shaggy fur 1, tough skin 2
a: Depart the Abyss, Renounce Religion


You were on level 1 of the Abyss.
You worshipped Lugonu.
Lugonu was aware of your devotion.
You were not hungry.

You visited 0 branches of the dungeon, and saw 0 of its levels.
You visited the Abyss 1 time.

Inventory:

Armour
 a - a +0 robe (worn)
Comestibles
 b - 2 rations


   Skills:
 - Level 2.4 Fighting
 - Level 1.9 Dodging
 * Level 2.9 Unarmed Combat
 - Level 1.5 Invocations


You had one spell level left.
You didn't know any spells.

Dungeon Overview and Level Annotations

Branches:
Dungeon (0/15)

Altars:


Innate Abilities, Weirdness & Mutations

You are too large for most types of armour.
You have claws for hands.
Your metabolism is lightning-fast.
You like to eat raw meat.
Your natural rate of healing is unusually fast.
You are covered in fur. (AC +1)
You have very tough skin. (AC +2)


Message History

Welcome, glosham the Troll Abyssal Knight.
Will you be the one to retrieve the fabulous Orb of Zot from the depths?
Lugonu says: Depart the Abyss and spread corruption, my servant! (use the ability menu to exit the Abyss) Press ? for a list of commands and other information.
Found a corrupted altar of Lugonu.
A white imp comes into view.
The white imp gestures at you. The puff of frost hits you!
Ouch! That really hurt!
You claw the white imp!
You kill the white imp!
An ufetubus comes into view.
You scratch the ufetubus.
The ufetubus is almost dead.
The ufetubus misses you.
The ufetubus hits you but does no damage.
You claw the ufetubus!
You kill the ufetubus!
You have reached level 2!
A large abomination comes into view.
The spatial maelstrom hits you. Space warps horribly around you!
The spatial maelstrom hits you!
* * * LOW HITPOINT WARNING * * *
Space bends around you.
* * * LOW HITPOINT WARNING * * *
A spatial vortex comes into view.
Found 3 scrolls labeled ODYTWE DURPH.
The spatial maelstrom hits you.
You die...

.. .... ≈≈ ... ....
≈. #.. #..# .≈#≈≈≈
#..##..##..# ≈≈
............. ≈≈
...?...... ...
#..##..# ..# ..
#..##.@##..##..##.
.......v...........
..........v.......
##..##..#...##..#
#. ##..##..##.. #..
..
................. .
..................
..##..##..##..##..
..##..##..##..#


You could see a spatial maelstrom and a spatial vortex.

Vanquished Creatures
  A white imp (Abyss:1)
  An ufetubus (Abyss:1)
2 creatures vanquished.

Notes
Turn   | Place    | Note
-------+----------+-------------------------------------------
     0 | Abyss:1  | glosham the Troll Abyssal Knight began the quest for the Orb.
     0 | Abyss:1  | Reached XP level 1. HP: 22/22 MP: 1/1
    53 | Abyss:1  | Reached XP level 2. HP: 18/29 MP: 2/2
    63 | Abyss:1  | Noticed a spatial maelstrom
    64 | Abyss:1  | Noticed a large abomination
    67 | Abyss:1  | HP: 2/29 [spatial maelstrom (5)]
    68 | Abyss:1  | Noticed a spatial vortex
    69 | Abyss:1  | Slain by a spatial maelstrom

Action                   || total
-------------------------++-------
Melee: Unarmed           ||     3
Armor: Robe              ||     1
Dodge: Dodged            ||     1

Table legend:
 A = Turns spent in this place as a percentage of turns spent in the entire game.
 B = Non-inter-level travel turns spent in this place as a percentage of non-inter-level travel turns spent in the entire game.
 C = Inter-level travel turns spent in this place as a percentage of turns spent in this place.
 D = Turns resting spent in this place as a percentage of non-inter-level travel turns spent in this place.
 E = Turns spent auto-exploring this place as a percentage of non-inter-level travel turns spent in this place.
 F = Non-inter-level travel turns spent in this place divided by the number of levels of this place that you've seen.
                   A       B       C       D       E      F
               +-------+-------+-------+-------+-------+----------------------
         Total | 100.0 | 100.0 |   0.0 |   0.0 |   0.0 |  69.0
         Abyss | 100.0 | 100.0 |   0.0 |   0.0 |   0.0 |  69.0
               +-------+-------+-------+-------+-------+----------------------

Table legend:
 A = Kills in this place as a percentage of kills in entire the game.
 B = Kills by you in this place as a percentage of kills by you in the entire game.
 C = Kills by friends in this place as a percentage of kills by friends in the entire game.
 D = Other kills in this place as a percentage of other kills in the entire game.
 E = Experience gained in this place as a percentage of experience gained in the entire game.
 F = Experience gained in this place divided by the number of levels of this place that you have seen.
                   A       B       C       D       E      F
               +-------+-------+-------+-------+-------+----------------------
         Total | 100.0 | 100.0 |   N/A |   N/A | 100.0 |  18.0
         Abyss | 100.0 | 100.0 |   N/A |   N/A | 100.0 |  18.0
               +-------+-------+-------+-------+-------+----------------------

Vault maps used:
